 Dungeon Crawl Stone Soup version 0.29.1-15-g9cfb28693d (webtiles) character file.

Game seed: 2847707265709568648

128 Alturiack the Ducker (level 4, -5/21 HPs)
             Began as a Spriggan Venom Mage on Apr 11, 2023.
             Slain by a phantom (6 damage)
             ... on level 4 of the Dungeon.
             The game lasted 00:18:12 (4683 turns).

Alturiack the Ducker (Spriggan Venom Mage)          Turns: 4683, Time: 00:18:13

Health: -5/21      AC:  2    Str: 10    XL:     4   Next: 87%
Magic:  1/11       EV: 18    Int: 18    God:
Gold:   64         SH:  0    Dex: 15    Spells: 8/11 levels left

rFire   + . .      SeeInvis +   l - staff of fire
rCold   . . .      Faith    .   (shield currently unavailable)
rNeg    . . .      Spirit   .   a - +0 robe
rPois   .          Reflect  .   (helmet restricted)
rElec   .          Harm     .   (no cloak)
rCorr   .          Rampage  .   (gloves unavailable)
Will    .....                   (boots unavailable)
Stlth   ++........              (no amulet)
HPRegen 0.07/turn               p - +6 ring of strength
MPRegen 0.12/turn               (no ring)

@: very quick
A: very small, no large weapons, unfitting armour, see invisible, speed 3
a: no special abilities


You were on level 4 of the Dungeon.
You visited 1 branch of the dungeon, and saw 4 of its levels.

You collected 64 gold pieces.

Inventory:

Hand Weapons
 s - a +2 dagger of speed
Missiles
 x - a boomerang (quivered)
Armour
 a - a +0 robe (worn)
Magical Staves
 l - a staff of fire (weapon)
Jewellery
 h - a ring of ice
 n - a ring of ice
 p - a +6 ring of strength (left hand)
 u - a ring of protection from cold
Wands
 m - a wand of light (7)
Scrolls
 d - 4 scrolls of teleportation {unknown}
 i - 2 scrolls of fog {unknown}
 j - 5 scrolls of identify {unknown}
 k - a scroll of fear {unknown}
 o - 3 scrolls of summoning {unknown}
 r - a scroll of enchant weapon {unknown}
 y - a scroll of amnesia {unknown}
Potions
 b - a potion of magic
 c - 3 potions of curing {unknown}
 e - a potion of attraction {unknown}
 f - a potion of heal wounds
 g - 3 potions of mutation {unknown}
 q - a potion of lignification {unknown}
 t - 2 potions of might {unknown}
 v - a potion of cancellation {unknown}
 w - 2 potions of brilliance {unknown}


   Skills:
 + Level 4.4 Dodging
 - Level 3.0 Stealth
 + Level 4.3 Spellcasting
 - Level 1.3 Transmutations
 + Level 4.0 Poison Magic


You had 8 spell levels left.
You knew the following spells:

 Your Spells              Type           Power      Damage    Failure   Level
a - Sting                 Tmut/Pois      52%        1d5       4%          1
b - Poisonous Vapours     Pois/Air       22%        N/A       10%         2

Your spell library contained the following spells:

 Spells                   Type           Power      Damage    Failure   Level
 Mephitic Cloud           Conj/Pois/Air  8%         N/A       24%         3
 Olgreb's Toxic Radiance  Pois           18%        N/A       26%         4
 Frozen Ramparts          Ice            6%         1d1       41%         3
 Ice Form                 Ice/Tmut       6%         N/A       71%         4
 Summon Ice Beast         Ice/Summ       3%         N/A       82%         4


Dungeon Overview and Level Annotations

Branches:
Dungeon (4/15)             Temple (0/1) D:4

Altars:
Elyvilon
Okawaru
Yredelemnul

Shops:
D:2 (

Annotations:
D:3 1 runed translucent door


Innate Abilities, Weirdness & Mutations

You are very small and have problems with some larger weapons.
You are too small for most types of armour.
You have supernaturally acute eyesight. (SInv)
You cover ground extremely quickly. (Speed+++)


Message History

You don't have enough magic to cast this spell.
The phantom hits you.
* * * LOW HITPOINT WARNING * * *
The phantom blinks!
You blink.
The phantom completely misses you.
You closely miss the phantom.
The phantom is lightly damaged.
The phantom completely misses you.
Casting: Sting (safe; 4% risk of failure)
Confirm with . or Enter, or press ? or * to list all spells.
Aiming: Sting (safe; 4% risk of failure)
Press: ? - help, Shift-Dir - straight line, f/p - phantom
Aim: a phantom (lightly damaged, 60% to hit)
The sting hits the phantom.
The phantom partially resists.
The phantom is lightly damaged.
Casting: Sting (safe; 4% risk of failure)
Confirm with . or Enter, or press ? or * to list all spells.
You don't have enough magic to cast this spell.
Casting: Sting (safe; 4% risk of failure)
Confirm with . or Enter, or press ? or * to list all spells.
You don't have enough magic to cast this spell.
You closely miss the phantom.
The phantom is lightly damaged.
The phantom completely misses you.
You hit the phantom but do no damage.
The phantom is lightly damaged.
The phantom barely misses you.
You hit the phantom but do no damage.
The phantom is lightly damaged.
The phantom completely misses you.
You hit the phantom.
The phantom is moderately damaged.
The phantom barely misses you. The phantom closely misses you.
You closely miss the phantom.
The phantom is moderately damaged.
The phantom hits you.
* * * LOW HITPOINT WARNING * * *
The phantom blinks!
You blink.
The phantom hits you.
You die...

#.#......# #....<##.#
#.###.####.#######
#.................
######.###.######.
.........<........
########...#########
#..................
#.....W@....######
#.ยง#........#....#
#..#........#.##.#
#########.#..#.##.#
#............#.##.#
#######.#######.#..#.##.#
.......................>#
#######.###..##.#....####
#######.#...###.##.#####


You could see a phantom.

Vanquished Creatures
  An orc wizard (D:3)
  3 adders (D:2)
  A worm (D:2)
  2 dart slugs
  8 orcs
  5 ball pythons
  8 endoplasms
  2 giant cockroaches (D:2)
  5 goblins
  2 hobgoblins
  6 jackals
  A quokka (D:3)
  3 bats
  7 frilled lizards
  A jackal skeleton (D:3)
  4 kobolds
  2 rats
61 creatures vanquished.

Vanquished Creatures (others)
  2 plants (D:1)
2 creatures vanquished.

Grand Total: 63 creatures vanquished

Notes
Turn   | Place    | Note
-------+----------+-------------------------------------------
     0 | D:1      | Alturiack the Spriggan Venom Mage began the quest for the
                  | Orb.
     0 | D:1      | Reached XP level 1. HP: 9/9 MP: 5/5
   538 | D:1      | Reached XP level 2. HP: 13/13 MP: 5/7
  1312 | D:2      | Learned a level 2 spell: Poisonous Vapours
  1361 | D:2      | Reached XP level 3. HP: 13/16 MP: 4/8
  1524 | D:2      | Found Firukul's Antique Weapon Emporium.
  2058 | D:2      | Found a basalt altar of Yredelemnul.
  2256 | D:2      | Reached XP level 4. HP: 21/21 MP: 0/10
  2986 | D:3      | Noticed a human
  2987 | D:3      | Found a runed translucent door.
  2990 | D:3      | Found a basalt altar of Yredelemnul.
  3071 | D:3      | Found a white marble altar of Elyvilon.
  3760 | D:3      | Found an iron altar of Okawaru.
  4167 | D:4      | Noticed a phantom
  4599 | D:4      | Found a staircase to the Ecumenical Temple.
  4668 | D:4      | HP: 1/21 [phantom (6)]
  4681 | D:4      | HP: 1/21 [phantom (1)]
  4683 | D:4      | Slain by a phantom

Illustrated notes

Levels and vault maps discovered:
D:1:      eino_arrival_druids_welcome, layout_loops_corners
D:2:      layout_basic, serial_shops, nicolae_shop_crystal, basic_altar,
          dk_noncrumbling_4
D:3:      layout_basic, okawaru_trees_1, mainiacjoe_overflow_small_starburst,
          dk_yredelemnul_ordeal
D:4:      layout_basic, mainiacjoe_overflow_alcove_1,
          minmay_temple_entry_drinking_statues, minmay_goblin_outpost

Skill      XL: |  1  2  3  4 |
---------------+-------------+-----
Dodging        | 3 4 |  4.4
Spellcasting   | 3 4 |  4.3
Poison Magic   | 4 |  4.0
Stealth        | |  3.0
Transmutations | |  1.3

Action                   |  1- 3 |  4- 6 || total
-------------------------+-------+-------++-------
Melee: Unarmed           |     5 |       ||     5
       Staff             |     3 |    11 ||    14
Throw: Boomerang         |       |     1 ||     1
 Cast: Sting             |    52 |    88 ||   140
       Poisonous Vapours |    23 |    13 ||    36
Armor: Robe              |     1 |     1 ||     2
Dodge: Dodged            |    17 |    33 ||    50
